 Dungeon Crawl Stone Soup version 0.19-a0-1223-gf83d13a (webtiles) character file.

65 PurpleRed the Conjurer (level 3, 0/19 HPs)
             Began as a Deep Elf Conjurer on Aug 24, 2016.
             Succumbed to an adder's poison
             ... on level 3 of the Dungeon.
             The game lasted 00:05:17 (465 turns).

PurpleRed the Conjurer (Deep Elf Conjurer)           Turns: 465, Time: 00:05:17

Health: 0/19       AC:  3    Str:  5    XL:     3   Next: 92%
Magic:  1/10       EV: 13    Int: 20    God:
Gold:   31         SH:  0    Dex: 15    Spells: 2 memorised, 7 levels left

rFire  . . .     SeeInvis .     m - +0 mace
rCold  . . .     Gourm    .     a - +0 robe
rNeg   . . .     Faith    .     (no shield)
rPois  .         Spirit   .     (no helmet)
rElec  .         Dismiss  .     (no cloak)
rCorr  .         Reflect  .     (no gloves)
MR     .....     Harm     .     e - +0 pair of boots (curse)
Stlth  ++........               (no amulet)
                                (no ring)
                                (no ring)

@: lethally poisoned (0 -> -2), very slightly contaminated
A: no striking features
a: no special abilities


You were on level 3 of the Dungeon.
You were not hungry.

You visited 1 branch of the dungeon, and saw 4 of its levels.

You collected 31 gold pieces.

Inventory:

Hand Weapons
 h - a +0 club
 m - a +0 mace (weapon)
Armour
 a - a +0 robe (worn)
 e - a cursed +0 pair of boots (worn)
Wands
 l - a wand of iceblast (1/15)
Scrolls
 i - a scroll of magic mapping
Potions
 g - a potion of degeneration
Books
 b - a book of Conjurations

   Spells                             Type                      Level
   a - Magic Dart                     Conjuration                  1
   b - Searing Ray                    Conjuration                  2
   c - Dazzling Spray                 Conjuration/Hexes            3
   d - Fulminant Prism                Conjuration/Hexes            4
   e - Iskenderun's Mystic Blast      Conjuration                  4
   f - Iskenderun's Battlesphere      Conjuration/Charms           5
Comestibles
 c - 2 bread rations
 d - 2 slices of pizza
 f - 2 meat rations
 n - 2 chunks of flesh


   Skills:
 - Level 2.4 Dodging
 - Level 2.4 Stealth
 + Level 4.0 Spellcasting
 * Level 5.6 Conjurations


You had 7 spell levels left.
You knew the following spells:

 Your Spells              Type           Power        Failure   Level  Hunger
a - Magic Dart            Conj           ####         1%          1    None
b - Searing Ray           Conj           ####..       1%          2    #......


Dungeon Overview and Level Annotations

Branches:
Dungeon (4/15)
 Temple: D:4-7

Altars:
Ru

Portals:
Sewer: D:3


Message History

You kill the goblin!
Okay, then.
Blink to where?
Press: ? - help, Dir - move target cursor You are very lightly contaminated with residual magic.
As you read the scroll labeled BIXKAO TUBYCRE, it crumbles to dust.
It was a scroll of blinking.
You feel sick.
It was a potion of heal wounds.
You feel much better.
You hear the slow rusting of a drain nearby.
You feel sick.
A centaur comes into view.
The centaur shouts!
The centaur wields a shortbow.
The centaur shoots an arrow.
The arrow hits you!
Ouch! That really hurt!
* * * LOW HITPOINT WARNING * * *
You see here an arrow.
* * * LOW HITPOINT WARNING * * *
You feel sick.
Okay, then.
You die...

###.# ###.### .r... ...#
#.# S.≈≈≈.. ###.##### #.#
.≈c≈≈≈.
........#####.#####..≈≈∩≈≈.
# #....).........(...≈≈≈≈≈.
#. #.........#.#.##..!.≈≈≈
#.##.........#.##s#.......
...s........#.....#.......
.....÷.......##.@.#.##....
#............##..##.# ###.
####........#....# .#
#>#.####....... .# #.#.#
#####..# #.#.########...
#.........<....#
###.########..#
#.....).....#


You could see a giant cockroach.

Vanquished Creatures
  A river rat (D:3)
  3 adders (D:3)
  A worm (D:2)
  A giant gecko (D:3)
  4 bats
  A giant cockroach (D:3)
  4 goblins
  A hobgoblin (D:3)
  3 jackals (D:2)
  A kobold (D:1)
  A giant newt (D:4)
  3 rats
24 creatures vanquished.

Notes
Turn   | Place    | Note
-------+----------+-------------------------------------------
     0 | D:1      | PurpleRed the Deep Elf Conjurer began the quest for the Orb.
     0 | D:1      | Reached XP level 1. HP: 10/10 MP: 6/6
   154 | D:2      | Reached XP level 2. HP: 15/15 MP: 5/8
   160 | D:2      | Learned a level 2 spell: Searing Ray
   218 | D:2      | Found a sacrificial altar of Ru.
   313 | D:3      | Reached skill level 5 in Conjurations
   313 | D:3      | Reached XP level 3. HP: 15/19 MP: 5/10
   347 | D:3      | Found a glowing drain.
   460 | D:3      | Noticed a centaur
   465 | D:3      | Succumbed to an adder's poison

Vault maps used:
D:1:      arrival_zaba_pyramid
D:2:      nicolae_ru_sacrificial_ziggurat
D:3:      first_bread, portal_sewer_entry_a, minmay_crystal_room
D:4:      uniq_menkaure, uniq_robin

Skill      XL: |  1  2  3 |
---------------+----------+-----
Conjurations   | 5 |  5.6
Spellcasting   | 4 |  4.0
Dodging        | |  2.4
Stealth        | |  2.4

Action                   || total
-------------------------++-------
Melee: Club              ||    17
 Cast: Magic Dart        ||    26
       Searing Ray       ||     6
Evoke: Wand              ||     2
  Use: Scroll            ||     4
       Potion            ||     1
Armor: Robe              ||     7
Dodge: Dodged            ||    29
